[ AOE2 MATCH · #471010888 ]
Team RMSlavs vs Huns
[ REPLAY ANALYSIS · EXTRACTED FROM THE RECORDED GAME ]
Feudal
16:00
Castle
25:37
Imperial
34:53
| APM avg | 10.1 |
| APM peak | 33 |
| eAPM avg | 7.8 |
| Villagers / military | 106 / 64 |
Focus
⚔️ 17.3% · 🌾 82.7%
Boyar ×64
Feudal
17:18
Castle
27:57
Imperial
38:20
| APM avg | 15.6 |
| APM peak | 50 |
| eAPM avg | 10.8 |
| Villagers / military | 65 / 146 |
Focus
⚔️ 42.6% · 🌾 57.4%
Spearman ×61 · Skirmisher ×45 · Archer ×18 · Scout Cavalry ×15 · Knight ×5 · Trade Cart ×2
Feudal
13:51
Castle
22:47
Imperial
33:28
| APM avg | 43.3 |
| APM peak | 85 |
| eAPM avg | 27.9 |
| Villagers / military | 69 / 235 |
Focus
⚔️ 28.8% · 🌾 71.2%
Battle Elephant ×234 · Fishing Ship ×50 · Monk ×1
Feudal
16:27
Castle
21:07
Imperial
36:45
| APM avg | 21.7 |
| APM peak | 64 |
| eAPM avg | 9.9 |
| Villagers / military | 116 / 92 |
Focus
⚔️ 21.2% · 🌾 78.8%
Mangudai ×90 · Fishing Ship ×5 · Monk ×1 · Unknown (2626) ×1 · Demolition Raft ×1
Feudal
15:23
Castle
21:26
Imperial
41:25
| APM avg | 21.5 |
| APM peak | 36 |
| eAPM avg | 15.8 |
| Villagers / military | 126 / 173 |
Focus
⚔️ 40.8% · 🌾 59.2%
Fire Lancer ×120 · Fishing Ship ×36 · Chu Ko Nu ×33 · Galley ×17 · Trebuchet (Packed) ×2 · Monk ×1
Feudal
14:48
Castle
21:25
Imperial
—
| APM avg | 32.6 |
| APM peak | 126 |
| eAPM avg | 7.8 |
| Villagers / military | 104 / 40 |
Focus
⚔️ 16.5% · 🌾 83.5%
Knight ×29 · Archer ×11
Feudal
15:14
Castle
27:13
Imperial
30:28
| APM avg | 11.7 |
| APM peak | 36 |
| eAPM avg | 9.4 |
| Villagers / military | 97 / 59 |
Focus
⚔️ 24.0% · 🌾 76.0%
Battle Elephant ×49 · Fishing Ship ×31 · Demolition Raft ×5 · Trebuchet (Packed) ×5
Feudal
—
Castle
—
Imperial
—
| APM avg | 19.6 |
| APM peak | 47 |
| eAPM avg | 11.3 |
| Villagers / military | 90 / 119 |
Focus
⚔️ 34.2% · 🌾 65.8%
Spearman ×96 · Berserk ×14 · Fishing Ship ×13 · Longboat ×6 · Monk ×3
Match map
Initial resources + every placement click. Lines = walls · curves = elevation contours. ◆ gold · ⬟ stone · ● berries · ✦ relic · ◌ wall gap
Your base· Open — 14t gap
T man's base· Open — 4t gap
我不会玩4+2's base· Open — unwalled flank
帮主's base· Open — unwalled flank
zdjd?'s base· Open — 8t gap
老朱's base· Open — 8t gap
success0111's base· Open — 4t gap
Casco7777628's base· Open — 9t gap
Smoothed initial terrain · ◌ = detected wall gap · hover for details
Inputs per minute
— A P - - T man
Build order — A P
First 150 of 242 actions detected
| 0:12 | Build | House |
| 0:20 | Build | House |
| 0:44 | Build | Town Center |
| 3:17 | Create | Villager (Male) |
| 3:17 | Create | Villager (Male) |
| 3:17 | Create | Villager (Male) |
| 3:18 | Create | Villager (Male) |
| 3:18 | Create | Villager (Male) |
| 4:39 | Research | Loom |
| 4:43 | Create | Villager (Male) |
| 5:07 | Create | Villager (Male) |
| 5:08 | Create | Villager (Male) |
| 5:57 | Create | Villager (Male) |
| 5:58 | Create | Villager (Male) |
| 5:58 | Create | Villager (Male) |
| 5:58 | Create | Villager (Male) |
| 7:03 | Create | Villager (Male) |
| 7:04 | Create | Villager (Male) |
| 7:04 | Create | Villager (Male) |
| 7:04 | Create | Villager (Male) |
| 8:09 | Create | Villager (Male) |
| 8:10 | Create | Villager (Male) |
| 8:10 | Create | Villager (Male) |
| 8:39 | Build | Lumber Camp |
| 8:41 | Create | Villager (Male) |
| 8:42 | Create | Villager (Male) |
| 8:47 | Build | House |
| 9:46 | Create | Villager (Male) |
| 9:47 | Create | Villager (Male) |
| 11:06 | Build | Outpost |
| 11:09 | Create | Villager (Male) |
| 11:27 | Build | House |
| 11:52 | Build | Mill |
| 12:23 | Build | Farm |
| 12:25 | Build | Farm |
| 12:27 | Build | Farm |
| 12:34 | Create | Villager (Male) |
| 12:38 | Create | Villager (Male) |
| 13:17 | Create | Villager (Male) |
| 13:21 | Research | Feudal Age |
| 13:28 | Build | House |
| 14:34 | Build | Outpost |
| 15:03 | Build | Mining Camp |
| 16:00 | Age | Feudal Age |
| 16:05 | Create | Villager (Male) |
| 16:08 | Research | Wheelbarrow |
| 16:13 | Research | Double-Bit Axe |
| 16:17 | Research | Horse Collar |
| 17:14 | Build | Mining Camp |
| 17:22 | Build | House |
| 17:30 | Research | Town Watch |
| 17:35 | Research | Gold Mining |
| 17:47 | Build | Farm |
| 17:49 | Build | Farm |
| 17:50 | Build | Farm |
| 17:52 | Build | Farm |
| 17:53 | Build | Farm |
| 17:54 | Build | Farm |
| 18:07 | Build | Farm |
| 18:09 | Build | Farm |
| 18:11 | Build | Farm |
| 18:12 | Build | Farm |
| 18:17 | Build | Farm |
| 18:21 | Create | Villager (Male) |
| 18:22 | Create | Villager (Male) |
| 18:41 | Research | Stone Mining |
| 18:51 | Build | House |
| 18:55 | Build | House |
| 18:57 | Build | House |
| 19:08 | Build | Farm |
| 19:12 | Create | Villager (Male) |
| 19:12 | Create | Villager (Male) |
| 19:18 | Create | Villager (Male) |
| 20:02 | Create | Villager (Male) |
| 20:02 | Create | Villager (Male) |
| 20:30 | Create | Villager (Male) |
| 20:31 | Create | Villager (Male) |
| 20:43 | Build | Blacksmith |
| 20:57 | Build | Market |
| 21:09 | Create | Villager (Male) |
| 21:09 | Create | Villager (Male) |
| 21:23 | Build | Barracks |
| 22:51 | Research | Castle Age |
| 25:37 | Age | Castle Age |
| 25:53 | Build | Town Center |
| 25:59 | Research | Hand Cart |
| 26:12 | Create | Villager (Male) |
| 26:13 | Create | Villager (Male) |
| 26:19 | Research | Bow Saw |
| 26:22 | Research | Heavy Plow |
| 26:25 | Research | Gold Shaft Mining |
| 26:36 | Build | Town Center |
| 26:47 | Create | Villager (Male) |
| 26:52 | Create | Villager (Male) |
| 26:52 | Create | Villager (Male) |
| 26:53 | Create | Villager (Male) |
| 26:56 | Create | Villager (Male) |
| 26:57 | Create | Villager (Male) |
| 27:31 | Build | Castle |
| 27:37 | Create | Villager (Male) |
| 27:37 | Create | Villager (Male) |
| 27:37 | Create | Villager (Male) |
| 27:38 | Create | Villager (Male) |
| 28:04 | Create | Villager (Male) |
| 28:04 | Create | Villager (Male) |
| 28:05 | Create | Villager (Male) |
| 28:05 | Create | Villager (Male) |
| 28:11 | Create | Villager (Male) |
| 28:11 | Create | Villager (Male) |
| 28:12 | Create | Villager (Male) |
| 28:13 | Create | Villager (Male) |
| 29:12 | Research | Tech 455 |
| 29:18 | Build | Farm |
| 29:27 | Build | Farm |
| 29:30 | Build | Farm |
| 29:41 | Create | Villager (Male) |
| 29:42 | Create | Villager (Male) |
| 29:42 | Create | Villager (Male) |
| 29:43 | Create | Villager (Male) |
| 29:44 | Create | Villager (Male) |
| 30:29 | Build | Farm |
| 30:34 | Build | Farm |
| 30:46 | Build | Town Center |
| 30:50 | Create | Villager (Male) |
| 30:51 | Create | Villager (Male) |
| 30:51 | Create | Villager (Male) |
| 30:52 | Create | Villager (Male) |
| 30:53 | Create | Villager (Male) |
| 30:53 | Create | Villager (Male) |
| 31:34 | Create | Villager (Male) |
| 31:34 | Create | Villager (Male) |
| 31:37 | Create | Villager (Male) |
| 31:37 | Create | Villager (Male) |
| 31:43 | Research | Imperial Age |
| 32:16 | Build | University |
| 32:33 | Create | Villager (Male) |
| 32:33 | Create | Villager (Male) |
| 32:34 | Create | Villager (Male) |
| 32:36 | Create | Villager (Male) |
| 32:37 | Create | Villager (Male) |
| 32:37 | Create | Villager (Male) |
| 32:39 | Create | Villager (Male) |
| 32:39 | Create | Villager (Male) |
| 32:39 | Create | Villager (Male) |
| 32:51 | Build | Farm |
| 32:53 | Build | Farm |
| 32:54 | Build | Farm |
| 32:57 | Build | Farm |
| 32:58 | Build | Farm |
| 33:20 | Build | Castle |
Build order — T man
First 150 of 339 actions detected
| 0:40 | Build | House |
| 1:36 | Build | Town Center |
| 2:11 | Build | House |
| 3:57 | Create | Villager (Male) |
| 3:57 | Create | Villager (Male) |
| 3:57 | Create | Villager (Male) |
| 4:17 | Create | Villager (Male) |
| 4:17 | Create | Villager (Male) |
| 5:09 | Create | Villager (Male) |
| 5:44 | Build | Lumber Camp |
| 5:46 | Create | Villager (Male) |
| 6:05 | Create | Villager (Male) |
| 6:45 | Create | Villager (Male) |
| 7:24 | Create | Villager (Male) |
| 7:36 | Create | Villager (Male) |
| 8:26 | Create | Villager (Male) |
| 8:38 | Build | House |
| 9:11 | Build | Mill |
| 9:14 | Create | Villager (Male) |
| 9:15 | Create | Villager (Male) |
| 10:05 | Build | Farm |
| 10:12 | Create | Villager (Male) |
| 10:15 | Create | Villager (Male) |
| 10:40 | Build | Farm |
| 10:41 | Build | Farm |
| 10:42 | Build | Farm |
| 10:46 | Create | Villager (Male) |
| 11:11 | Build | House |
| 11:41 | Build | Farm |
| 11:42 | Create | Villager (Male) |
| 11:43 | Create | Villager (Male) |
| 12:01 | Create | Villager (Male) |
| 12:17 | Create | Villager (Male) |
| 12:17 | Create | Villager (Male) |
| 12:32 | Build | Mill |
| 12:39 | Create | Villager (Male) |
| 12:52 | Create | Villager (Male) |
| 13:35 | Build | House |
| 13:45 | Create | Villager (Male) |
| 13:53 | Build | House |
| 14:00 | Build | Farm |
| 14:17 | Build | Farm |
| 15:08 | Research | Feudal Age |
| 15:26 | Build | House |
| 15:31 | Build | House |
| 15:45 | Build | House |
| 15:51 | Create | Villager (Male) |
| 15:51 | Create | Villager (Male) |
| 16:11 | Build | House |
| 16:23 | Build | House |
| 16:43 | Build | House |
| 16:45 | Build | House |
| 16:56 | Build | House |
| 17:18 | Build | House |
| 17:18 | Age | Feudal Age |
| 17:26 | Build | Stone Wall |
| 17:33 | Build | Stone Wall |
| 17:40 | Build | Stone Wall |
| 17:54 | Build | Stone Wall |
| 18:00 | Build | Stone Wall |
| 18:10 | Build | Stone Wall |
| 18:21 | Create | Villager (Male) |
| 18:21 | Create | Villager (Male) |
| 18:22 | Create | Villager (Male) |
| 18:22 | Create | Villager (Male) |
| 18:28 | Build | Farm |
| 18:34 | Build | Mining Camp |
| 18:37 | Create | Villager (Male) |
| 18:50 | Build | House |
| 18:56 | Build | Farm |
| 18:57 | Create | Villager (Male) |
| 19:22 | Build | Farm |
| 19:23 | Create | Villager (Male) |
| 19:28 | Research | Gold Mining |
| 19:32 | Research | Double-Bit Axe |
| 19:33 | Research | Horse Collar |
| 19:50 | Build | Barracks |
| 19:55 | Build | Farm |
| 19:56 | Create | Villager (Male) |
| 20:06 | Build | Farm |
| 21:04 | Build | Farm |
| 21:20 | Build | Lumber Camp |
| 21:22 | Create | Villager (Male) |
| 21:23 | Create | Villager (Male) |
| 21:46 | Create | Villager (Male) |
| 21:55 | Build | House |
| 22:02 | Build | House |
| 22:08 | Create | Villager (Male) |
| 22:21 | Create | Villager (Male) |
| 22:34 | Build | Mining Camp |
| 23:01 | Build | Archery Range |
| 23:18 | Build | Stone Wall |
| 23:36 | Create | Villager (Male) |
| 23:39 | Research | Wheelbarrow |
| 23:45 | Research | Stone Mining |
| 23:55 | Build | Blacksmith |
| 24:07 | Build | Farm |
| 24:34 | Build | Lumber Camp |
| 24:37 | Create | Archer |
| 24:53 | Build | Gate |
| 25:12 | Build | Gate |
| 25:17 | Research | Castle Age |
| 25:24 | Research | Fletching |
| 25:24 | Research | Padded Archer Armor |
| 25:26 | Create | Archer |
| 25:37 | Build | Archery Range |
| 26:03 | Create | Archer |
| 26:19 | Build | Farm |
| 26:53 | Build | House |
| 26:58 | Create | Villager (Male) |
| 26:58 | Create | Villager (Male) |
| 27:03 | Create | Archer |
| 27:08 | Create | Archer |
| 27:09 | Create | Archer |
| 27:10 | Create | Archer |
| 27:45 | Create | Archer |
| 27:46 | Create | Archer |
| 27:47 | Create | Archer |
| 27:47 | Create | Archer |
| 27:52 | Build | Market |
| 27:57 | Age | Castle Age |
| 28:07 | Build | Town Center |
| 28:14 | Build | Farm |
| 28:22 | Research | Hand Cart |
| 28:28 | Research | Bodkin Arrow |
| 28:29 | Research | Leather Archer Armor |
| 28:37 | Research | Gold Shaft Mining |
| 28:39 | Research | Heavy Plow |
| 28:42 | Research | Bow Saw |
| 28:46 | Create | Archer |
| 28:48 | Create | Archer |
| 29:00 | Create | Trade Cart |
| 29:10 | Create | Villager (Male) |
| 29:10 | Create | Villager (Male) |
| 29:19 | Create | Villager (Male) |
| 29:19 | Create | Villager (Male) |
| 29:26 | Build | Archery Range |
| 29:33 | Build | Monastery |
| 29:50 | Create | Archer |
| 29:51 | Create | Archer |
| 30:05 | Build | Farm |
| 30:07 | Create | Villager (Male) |
| 30:22 | Create | Villager (Male) |
| 30:30 | Build | Farm |
| 30:35 | Create | Monk |
| 30:41 | Build | University |
| 30:47 | Research | Crossbowman (upgrade) |
| 30:47 | Create | Archer |
| 30:48 | Create | Archer |
| 30:48 | Create | Archer |
Build order — 我不会玩4+2
First 150 of 506 actions detected
| 1:16 | Build | Dock |
| 1:21 | Build | House |
| 1:21 | Build | House |
| 1:47 | Build | Town Center |
| 4:39 | Create | Villager (Male) |
| 4:40 | Create | Villager (Male) |
| 4:40 | Create | Villager (Male) |
| 4:40 | Create | Villager (Male) |
| 4:40 | Create | Villager (Male) |
| 5:05 | Create | Villager (Male) |
| 5:05 | Create | Villager (Male) |
| 6:05 | Create | Fishing Ship |
| 6:46 | Create | Villager (Male) |
| 6:52 | Create | Fishing Ship |
| 6:52 | Create | Fishing Ship |
| 7:05 | Research | Loom |
| 7:23 | Create | Fishing Ship |
| 7:45 | Create | Fishing Ship |
| 8:05 | Create | Villager (Male) |
| 8:05 | Create | Villager (Male) |
| 8:40 | Create | Fishing Ship |
| 8:46 | Create | Villager (Male) |
| 8:47 | Create | Villager (Male) |
| 9:05 | Build | House |
| 9:07 | Build | House |
| 9:08 | Build | House |
| 9:23 | Create | Villager (Male) |
| 9:26 | Create | Fishing Ship |
| 10:00 | Create | Villager (Male) |
| 10:20 | Build | Mining Camp |
| 10:24 | Create | Villager (Male) |
| 10:55 | Create | Fishing Ship |
| 11:10 | Create | Villager (Male) |
| 11:10 | Create | Villager (Male) |
| 11:30 | Create | Fishing Ship |
| 11:41 | Create | Villager (Male) |
| 12:12 | Create | Fishing Ship |
| 12:33 | Research | Feudal Age |
| 12:33 | Research | Feudal Age |
| 12:33 | Research | Feudal Age |
| 12:59 | Build | Lumber Camp |
| 13:34 | Create | Fishing Ship |
| 13:43 | Create | Villager (Male) |
| 13:43 | Create | Villager (Male) |
| 13:51 | Age | Feudal Age |
| 13:53 | Research | Double-Bit Axe |
| 13:53 | Research | Double-Bit Axe |
| 14:00 | Research | Tech 906 |
| 14:24 | Create | Villager (Male) |
| 14:41 | Create | Fishing Ship |
| 14:41 | Create | Fishing Ship |
| 15:07 | Build | Dock |
| 15:14 | Create | Villager (Male) |
| 15:14 | Create | Villager (Male) |
| 15:23 | Build | House |
| 15:25 | Build | House |
| 15:26 | Build | House |
| 15:38 | Build | House |
| 15:38 | Build | House |
| 15:40 | Build | House |
| 15:43 | Build | House |
| 15:45 | Build | House |
| 15:47 | Build | House |
| 15:48 | Build | House |
| 15:58 | Create | Fishing Ship |
| 15:58 | Create | Fishing Ship |
| 16:21 | Create | Fishing Ship |
| 16:40 | Create | Villager (Male) |
| 16:40 | Create | Villager (Male) |
| 16:50 | Create | Fishing Ship |
| 16:52 | Create | Fishing Ship |
| 16:52 | Create | Fishing Ship |
| 17:13 | Build | House |
| 17:14 | Build | House |
| 17:30 | Create | Fishing Ship |
| 17:43 | Create | Fishing Ship |
| 17:49 | Create | Villager (Male) |
| 17:49 | Create | Villager (Male) |
| 18:21 | Build | Blacksmith |
| 18:39 | Create | Fishing Ship |
| 18:55 | Create | Fishing Ship |
| 18:55 | Create | Fishing Ship |
| 19:01 | Create | Fishing Ship |
| 19:18 | Build | Barracks |
| 19:42 | Build | Fish Trap |
| 19:49 | Build | Fish Trap |
| 19:56 | Create | Villager (Male) |
| 19:56 | Create | Villager (Male) |
| 20:15 | Build | Stable |
| 20:22 | Build | Stable |
| 20:29 | Build | Fish Trap |
| 20:39 | Build | Fish Trap |
| 20:44 | Create | Villager (Male) |
| 21:04 | Research | Castle Age |
| 21:04 | Research | Castle Age |
| 21:18 | Build | Stable |
| 21:24 | Create | Fishing Ship |
| 21:24 | Create | Fishing Ship |
| 21:37 | Create | Fishing Ship |
| 21:37 | Create | Fishing Ship |
| 21:55 | Build | Fish Trap |
| 22:13 | Create | Fishing Ship |
| 22:19 | Build | Fish Trap |
| 22:20 | Build | Fish Trap |
| 22:21 | Build | Fish Trap |
| 22:31 | Build | Fish Trap |
| 22:47 | Age | Castle Age |
| 23:10 | Build | Town Center |
| 23:15 | Create | Villager (Male) |
| 23:15 | Create | Villager (Male) |
| 23:18 | Research | Bow Saw |
| 23:19 | Research | Bow Saw |
| 23:28 | Create | Fishing Ship |
| 23:39 | Build | Fish Trap |
| 23:54 | Create | Villager (Male) |
| 23:54 | Create | Villager (Male) |
| 23:55 | Create | Villager (Male) |
| 24:05 | Build | Fish Trap |
| 24:33 | Build | Fish Trap |
| 24:34 | Build | Fish Trap |
| 24:34 | Build | Fish Trap |
| 24:35 | Build | Fish Trap |
| 24:36 | Build | Fish Trap |
| 24:43 | Build | Fish Trap |
| 24:43 | Build | Fish Trap |
| 24:44 | Build | Fish Trap |
| 24:53 | Create | Villager (Male) |
| 25:03 | Create | Villager (Male) |
| 25:04 | Create | Villager (Male) |
| 25:04 | Create | Villager (Male) |
| 25:06 | Research | Gold Mining |
| 25:06 | Research | Gold Mining |
| 25:13 | Create | Villager (Male) |
| 25:13 | Create | Villager (Male) |
| 25:21 | Research | Scale Barding Armor |
| 25:21 | Research | Scale Barding Armor |
| 25:22 | Research | Forging |
| 25:22 | Research | Forging |
| 25:30 | Build | Fish Trap |
| 25:33 | Create | Fishing Ship |
| 25:33 | Create | Fishing Ship |
| 25:36 | Research | Gillnets |
| 25:38 | Create | Fishing Ship |
| 25:38 | Create | Fishing Ship |
| 25:45 | Create | Fishing Ship |
| 25:45 | Create | Fishing Ship |
| 25:45 | Create | Fishing Ship |
| 25:45 | Create | Fishing Ship |
| 25:59 | Build | Fish Trap |
| 26:12 | Build | Fish Trap |
Build order — 帮主
First 150 of 263 actions detected
| 0:54 | Build | Town Center |
| 2:50 | Build | House |
| 3:10 | Build | House |
| 3:33 | Create | Villager (Male) |
| 3:33 | Create | Villager (Male) |
| 3:33 | Create | Villager (Male) |
| 3:34 | Create | Villager (Male) |
| 3:34 | Create | Villager (Male) |
| 3:49 | Build | Mill |
| 4:30 | Build | House |
| 4:32 | Build | House |
| 5:04 | Create | Villager (Male) |
| 5:04 | Create | Villager (Male) |
| 5:42 | Create | Villager (Male) |
| 5:43 | Create | Villager (Male) |
| 6:07 | Create | Villager (Male) |
| 6:29 | Create | Villager (Male) |
| 6:29 | Create | Villager (Male) |
| 6:52 | Create | Villager (Male) |
| 6:52 | Create | Villager (Male) |
| 6:54 | Create | Villager (Male) |
| 6:54 | Create | Villager (Male) |
| 7:35 | Create | Villager (Male) |
| 7:35 | Create | Villager (Male) |
| 8:20 | Create | Villager (Male) |
| 8:21 | Create | Villager (Male) |
| 8:21 | Create | Villager (Male) |
| 8:42 | Build | Dock |
| 9:16 | Create | Villager (Male) |
| 9:24 | Build | Farm |
| 9:39 | Create | Villager (Male) |
| 9:39 | Create | Villager (Male) |
| 9:55 | Create | Villager (Male) |
| 9:58 | Create | Fishing Ship |
| 10:26 | Create | Villager (Male) |
| 10:27 | Create | Villager (Male) |
| 10:27 | Create | Villager (Male) |
| 10:56 | Build | Mill |
| 11:08 | Create | Fishing Ship |
| 11:39 | Build | Farm |
| 11:56 | Build | House |
| 12:12 | Create | Villager (Male) |
| 12:12 | Create | Villager (Male) |
| 12:29 | Create | Fishing Ship |
| 12:50 | Build | House |
| 12:58 | Create | Villager (Male) |
| 13:03 | Build | Farm |
| 13:10 | Create | Fishing Ship |
| 13:15 | Create | Villager (Male) |
| 13:30 | Build | Lumber Camp |
| 13:37 | Build | Farm |
| 14:16 | Research | Feudal Age |
| 14:16 | Research | Feudal Age |
| 14:25 | Create | Fishing Ship |
| 14:55 | Create | Villager (Male) |
| 15:02 | Build | Farm |
| 15:17 | Build | House |
| 15:19 | Build | House |
| 15:20 | Build | House |
| 15:24 | Build | House |
| 15:37 | Build | Mining Camp |
| 16:27 | Age | Feudal Age |
| 16:30 | Research | Double-Bit Axe |
| 16:33 | Research | Horse Collar |
| 16:51 | Build | Barracks |
| 17:02 | Build | Blacksmith |
| 17:12 | Create | Villager (Male) |
| 17:13 | Create | Villager (Male) |
| 17:34 | Build | Stable |
| 17:43 | Create | Villager (Male) |
| 18:19 | Research | Castle Age |
| 18:24 | Build | Mining Camp |
| 18:28 | Create | Villager (Male) |
| 18:52 | Research | Gold Mining |
| 19:34 | Build | Stone Wall |
| 19:50 | Build | Stone Wall |
| 20:00 | Build | Gate |
| 20:11 | Research | Wheelbarrow |
| 20:14 | Research | Stone Mining |
| 20:18 | Build | Farm |
| 20:22 | Build | Farm |
| 21:07 | Age | Castle Age |
| 21:13 | Build | Town Center |
| 21:44 | Build | Town Center |
| 22:01 | Create | Villager (Male) |
| 22:17 | Research | Tech 906 |
| 22:30 | Create | Villager (Male) |
| 22:41 | Research | Bow Saw |
| 22:48 | Research | Heavy Plow |
| 22:55 | Create | Villager (Male) |
| 22:55 | Create | Villager (Male) |
| 22:56 | Create | Villager (Male) |
| 23:18 | Create | Unit 2626 |
| 23:35 | Create | Demolition Raft |
| 23:39 | Create | Villager (Male) |
| 23:39 | Create | Villager (Male) |
| 23:39 | Create | Villager (Male) |
| 23:45 | Build | Farm |
| 23:49 | Build | Farm |
| 24:20 | Create | Villager (Male) |
| 24:21 | Create | Villager (Male) |
| 24:21 | Create | Villager (Male) |
| 24:21 | Create | Villager (Male) |
| 24:22 | Create | Villager (Male) |
| 24:28 | Create | Villager (Male) |
| 24:44 | Build | Farm |
| 24:46 | Create | Villager (Male) |
| 24:46 | Create | Villager (Male) |
| 24:47 | Create | Villager (Male) |
| 24:57 | Build | House |
| 24:58 | Build | House |
| 25:00 | Build | House |
| 25:11 | Build | Monastery |
| 25:17 | Create | Villager (Male) |
| 25:19 | Create | Villager (Male) |
| 25:29 | Build | Farm |
| 25:33 | Build | Farm |
| 25:35 | Create | Villager (Male) |
| 25:51 | Create | Villager (Male) |
| 25:55 | Create | Villager (Male) |
| 25:56 | Create | Villager (Male) |
| 26:03 | Create | Villager (Male) |
| 26:07 | Create | Villager (Male) |
| 26:14 | Build | Farm |
| 26:17 | Build | Farm |
| 26:23 | Create | Monk |
| 26:26 | Create | Villager (Male) |
| 26:38 | Build | Farm |
| 26:42 | Create | Villager (Male) |
| 26:43 | Create | Villager (Male) |
| 27:01 | Create | Villager (Male) |
| 27:03 | Create | Villager (Male) |
| 27:19 | Create | Villager (Male) |
| 27:22 | Create | Villager (Male) |
| 27:23 | Create | Villager (Male) |
| 27:50 | Create | Villager (Male) |
| 27:50 | Create | Villager (Male) |
| 27:57 | Build | Mining Camp |
| 28:02 | Create | Villager (Male) |
| 28:02 | Create | Villager (Male) |
| 28:02 | Create | Villager (Male) |
| 28:15 | Build | Farm |
| 28:32 | Create | Villager (Male) |
| 28:32 | Create | Villager (Male) |
| 28:39 | Build | Farm |
| 28:50 | Build | Farm |
| 28:54 | Create | Villager (Male) |
| 29:10 | Create | Villager (Male) |
| 29:11 | Create | Villager (Male) |
| 29:25 | Build | Farm |
Build order — zdjd?
First 150 of 495 actions detected
| 0:07 | Build | Town Center |
| 1:53 | Build | House |
| 3:06 | Create | Villager (Male) |
| 3:06 | Create | Villager (Male) |
| 3:33 | Create | Villager (Male) |
| 3:33 | Create | Villager (Male) |
| 4:01 | Create | Villager (Male) |
| 4:02 | Create | Villager (Male) |
| 4:27 | Create | Villager (Male) |
| 4:28 | Create | Villager (Male) |
| 4:56 | Create | Villager (Male) |
| 4:57 | Create | Villager (Male) |
| 4:57 | Create | Villager (Male) |
| 5:41 | Create | Villager (Male) |
| 5:51 | Build | Lumber Camp |
| 5:58 | Create | Villager (Male) |
| 5:58 | Create | Villager (Male) |
| 5:59 | Create | Villager (Male) |
| 6:55 | Build | Mill |
| 8:01 | Create | Villager (Male) |
| 8:02 | Create | Villager (Male) |
| 8:19 | Create | Villager (Male) |
| 8:20 | Create | Villager (Male) |
| 8:45 | Create | Villager (Male) |
| 9:13 | Build | Palisade Wall |
| 9:16 | Build | Palisade Wall |
| 9:18 | Build | Palisade Wall |
| 9:51 | Build | Dock |
| 9:53 | Create | Villager (Male) |
| 9:53 | Create | Villager (Male) |
| 10:24 | Create | Villager (Male) |
| 10:25 | Create | Villager (Male) |
| 10:25 | Create | Villager (Male) |
| 10:30 | Build | House |
| 10:50 | Create | Villager (Male) |
| 10:50 | Create | Villager (Male) |
| 10:50 | Create | Villager (Male) |
| 10:54 | Create | Fishing Ship |
| 10:54 | Create | Fishing Ship |
| 11:06 | Create | Villager (Male) |
| 11:12 | Create | Fishing Ship |
| 11:18 | Build | House |
| 11:27 | Create | Villager (Male) |
| 11:45 | Build | House |
| 11:49 | Build | Palisade Wall |
| 12:07 | Build | Farm |
| 12:09 | Build | Farm |
| 12:11 | Create | Fishing Ship |
| 12:48 | Build | Outpost |
| 12:53 | Create | Villager (Male) |
| 12:59 | Research | Feudal Age |
| 13:15 | Build | Mill |
| 13:23 | Create | Villager (Male) |
| 13:24 | Create | Fishing Ship |
| 13:31 | Build | Mining Camp |
| 14:05 | Create | Villager (Male) |
| 14:06 | Create | Fishing Ship |
| 14:14 | Build | House |
| 14:23 | Create | Villager (Male) |
| 14:24 | Create | Fishing Ship |
| 14:51 | Build | Palisade Wall |
| 14:56 | Create | Fishing Ship |
| 15:23 | Age | Feudal Age |
| 15:30 | Create | Galley |
| 15:37 | Create | Galley |
| 16:17 | Research | Tech 906 |
| 16:22 | Create | Galley |
| 16:23 | Create | Villager (Male) |
| 16:44 | Build | Market |
| 17:14 | Create | Villager (Male) |
| 17:14 | Create | Villager (Male) |
| 17:20 | Build | House |
| 17:23 | Build | House |
| 17:24 | Build | House |
| 17:48 | Build | Blacksmith |
| 17:58 | Create | Galley |
| 17:59 | Create | Galley |
| 18:44 | Create | Villager (Male) |
| 18:47 | Research | Castle Age |
| 18:50 | Research | Double-Bit Axe |
| 18:51 | Research | Horse Collar |
| 18:54 | Research | Tech 906 |
| 18:57 | Create | Galley |
| 18:57 | Create | Galley |
| 19:34 | Create | Villager (Male) |
| 19:35 | Create | Villager (Male) |
| 19:43 | Build | House |
| 19:45 | Build | House |
| 19:51 | Build | House |
| 20:05 | Create | Galley |
| 20:05 | Create | Galley |
| 20:07 | Research | Fletching |
| 20:14 | Build | House |
| 20:17 | Build | House |
| 20:19 | Build | House |
| 20:20 | Build | House |
| 20:27 | Build | Palisade Wall |
| 20:35 | Create | Galley |
| 21:21 | Build | Mining Camp |
| 21:26 | Age | Castle Age |
| 21:29 | Build | Town Center |
| 21:54 | Build | House |
| 22:02 | Build | Palisade Gate |
| 22:05 | Build | House |
| 22:08 | Create | Villager (Male) |
| 22:08 | Create | Villager (Male) |
| 22:10 | Research | Gillnets |
| 22:16 | Research | War Galley (upgrade) |
| 22:27 | Build | Palisade Wall |
| 22:34 | Build | Palisade Wall |
| 22:59 | Create | Villager (Male) |
| 23:14 | Research | Bow Saw |
| 23:25 | Create | Villager (Male) |
| 23:25 | Create | Villager (Male) |
| 23:29 | Create | Villager (Male) |
| 23:29 | Create | Villager (Male) |
| 23:29 | Create | Villager (Male) |
| 23:49 | Create | Villager (Male) |
| 23:49 | Create | Villager (Male) |
| 23:50 | Create | Villager (Male) |
| 23:50 | Create | Villager (Male) |
| 23:58 | Build | Palisade Wall |
| 24:04 | Create | Galley |
| 24:04 | Create | Galley |
| 24:35 | Create | Galley |
| 24:36 | Create | Galley |
| 24:50 | Build | Barracks |
| 24:53 | Create | Villager (Male) |
| 24:54 | Create | Villager (Male) |
| 24:54 | Create | Villager (Male) |
| 24:54 | Create | Villager (Male) |
| 25:07 | Build | House |
| 25:08 | Build | House |
| 25:09 | Build | House |
| 25:09 | Build | House |
| 25:14 | Create | Galley |
| 25:14 | Create | Galley |
| 25:14 | Create | Galley |
| 25:19 | Build | Lumber Camp |
| 25:59 | Create | Fishing Ship |
| 25:59 | Create | Fishing Ship |
| 25:59 | Create | Fishing Ship |
| 25:59 | Create | Fishing Ship |
| 26:15 | Build | Town Center |
| 26:16 | Create | Villager (Male) |
| 26:16 | Create | Villager (Male) |
| 26:17 | Create | Villager (Male) |
| 26:17 | Create | Villager (Male) |
| 26:19 | Research | Wheelbarrow |
| 26:20 | Create | Villager (Male) |
Build order — 老朱
145 actions detected in the replay
| 1:27 | Build | Town Center |
| 3:44 | Research | Loom |
| 3:44 | Create | Villager (Male) ×4 |
| 3:44 | Create | Villager (Male) ×4 |
| 3:45 | Create | Villager (Male) ×4 |
| 5:17 | Create | Villager (Male) |
| 5:17 | Create | Villager (Male) |
| 6:03 | Create | Villager (Male) |
| 6:03 | Create | Villager (Male) |
| 6:59 | Create | Villager (Male) ×3 |
| 6:59 | Create | Villager (Male) ×3 |
| 7:48 | Create | Villager (Male) ×3 |
| 7:48 | Create | Villager (Male) ×3 |
| 8:10 | Create | Villager (Male) |
| 8:10 | Create | Villager (Male) |
| 9:20 | Create | Villager (Male) ×4 |
| 9:20 | Create | Villager (Male) ×4 |
| 9:39 | Create | Villager (Male) ×2 |
| 9:39 | Create | Villager (Male) ×2 |
| 11:28 | Build | Lumber Camp |
| 11:40 | Build | Mill |
| 12:38 | Research | Feudal Age |
| 12:39 | Research | Feudal Age |
| 14:14 | Build | Barracks |
| 14:48 | Age | Feudal Age |
| 14:54 | Create | Villager (Male) |
| 14:54 | Create | Villager (Male) |
| 15:28 | Build | Stable |
| 15:32 | Build | Blacksmith |
| 15:57 | Create | Villager (Male) |
| 15:58 | Create | Villager (Male) |
| 16:13 | Build | Mill |
| 16:25 | Create | Villager (Male) |
| 16:26 | Create | Villager (Male) |
| 16:55 | Build | Farm |
| 16:57 | Build | Farm |
| 16:58 | Build | Farm |
| 17:38 | Create | Villager (Male) |
| 17:39 | Create | Villager (Male) |
| 17:49 | Build | Mining Camp |
| 18:45 | Research | Castle Age |
| 18:45 | Research | Castle Age |
| 19:10 | Research | Double-Bit Axe |
| 19:10 | Research | Double-Bit Axe |
| 19:38 | Build | Farm |
| 19:41 | Build | Farm |
| 19:42 | Build | Farm |
| 20:41 | Build | Archery Range |
| 20:42 | Build | Archery Range |
| 21:25 | Age | Castle Age |
| 21:26 | Create | Villager (Male) |
| 21:27 | Create | Villager (Male) |
| 21:31 | Research | Husbandry |
| 21:31 | Research | Husbandry |
| 21:32 | Create | Knight |
| 21:33 | Create | Knight |
| 21:33 | Create | Knight |
| 22:20 | Create | Villager (Male) ×2 |
| 22:26 | Create | Archer ×3 |
| 23:16 | Build | Farm |
| 23:30 | Create | Knight |
| 23:59 | Research | Fletching |
| 23:59 | Research | Fletching |
| 24:15 | Build | Mill |
| 24:29 | Build | Mill |
| 24:37 | Research | Crossbowman (upgrade) |
| 24:46 | Create | Villager (Male) |
| 24:46 | Create | Villager (Male) |
| 25:39 | Create | Villager (Male) ×2 |
| 26:26 | Create | Villager (Male) |
| 26:27 | Create | Villager (Male) |
| 26:32 | Research | Horse Collar |
| 26:32 | Research | Horse Collar |
| 26:52 | Build | Castle |
| 27:15 | Create | Archer ×5 |
| 27:46 | Create | Knight |
| 27:46 | Create | Knight |
| 27:46 | Create | Knight |
| 28:14 | Create | Archer ×3 |
| 28:53 | Research | Scale Barding Armor |
| 28:54 | Research | Scale Barding Armor |
| 29:03 | Build | Stable |
| 29:08 | Create | Villager (Male) |
| 29:08 | Create | Villager (Male) |
| 29:12 | Create | Knight ×2 |
| 29:13 | Create | Knight ×2 |
| 29:49 | Create | Knight ×2 |
| 29:51 | Create | Villager (Male) |
| 29:51 | Create | Villager (Male) |
| 31:08 | Build | Farm |
| 31:23 | Build | Town Center |
| 31:40 | Create | Villager (Male) ×5 |
| 32:43 | Build | Farm |
| 32:43 | Build | Farm |
| 32:44 | Build | Farm |
| 32:48 | Build | Farm |
| 32:53 | Create | Villager (Male) |
| 32:53 | Create | Villager (Male) |
| 33:01 | Create | Villager (Male) ×5 |
| 33:13 | Build | Castle |
| 33:20 | Build | Farm |
| 33:34 | Build | Farm |
| 33:35 | Build | Farm |
| 33:36 | Build | Farm |
| 33:36 | Build | Farm |
| 33:38 | Build | Farm |
| 33:39 | Build | Farm |
| 33:40 | Build | Farm |
| 33:41 | Build | Farm |
| 34:01 | Research | Bloodlines |
| 34:01 | Research | Bloodlines |
| 34:04 | Create | Knight ×4 |
| 34:27 | Build | Mill |
| 34:52 | Create | Villager (Male) |
| 34:52 | Create | Villager (Male) |
| 34:52 | Create | Villager (Male) |
| 34:53 | Create | Villager (Male) |
| 35:01 | Research | Forging |
| 35:01 | Research | Forging |
| 35:27 | Build | Farm |
| 35:28 | Build | Farm |
| 35:42 | Build | Farm |
| 35:43 | Build | Farm |
| 36:09 | Create | Villager (Male) |
| 36:09 | Create | Villager (Male) |
| 36:53 | Create | Villager (Male) |
| 36:53 | Create | Villager (Male) |
| 37:06 | Build | Farm |
| 37:08 | Build | Farm |
| 37:09 | Build | Farm |
| 37:10 | Build | Farm |
| 37:11 | Build | Farm |
| 37:12 | Build | Farm |
| 37:42 | Create | Knight ×5 |
| 37:42 | Create | Knight ×5 |
| 39:48 | Create | Knight |
| 39:48 | Create | Knight |
| 41:02 | Build | Town Center |
| 41:30 | Create | Villager (Male) ×5 |
| 41:30 | Create | Villager (Male) ×5 |
| 44:48 | Build | Castle |
| 44:58 | Create | Villager (Male) ×5 |
| 44:58 | Create | Villager (Male) ×5 |
| 45:05 | Build | Mill |
| 45:14 | Build | Farm |
Build order — success0111
First 150 of 303 actions detected
| 0:09 | Build | House |
| 0:10 | Build | House |
| 0:11 | Build | House |
| 0:12 | Build | House |
| 0:35 | Build | Town Center |
| 3:06 | Create | Villager (Male) |
| 3:07 | Research | Loom |
| 3:07 | Create | Villager (Male) |
| 3:07 | Create | Villager (Male) |
| 3:08 | Create | Villager (Male) |
| 3:08 | Create | Villager (Male) |
| 4:54 | Create | Villager (Male) |
| 4:54 | Create | Villager (Male) |
| 5:59 | Create | Villager (Male) |
| 5:59 | Create | Villager (Male) |
| 5:59 | Create | Villager (Male) |
| 5:59 | Create | Villager (Male) |
| 6:40 | Create | Villager (Male) |
| 6:56 | Create | Villager (Male) |
| 7:32 | Create | Villager (Male) |
| 7:32 | Create | Villager (Male) |
| 7:54 | Create | Villager (Male) |
| 8:03 | Create | Villager (Male) |
| 8:04 | Create | Villager (Male) |
| 8:48 | Create | Villager (Male) |
| 8:48 | Create | Villager (Male) |
| 8:49 | Create | Villager (Male) |
| 8:50 | Create | Villager (Male) |
| 8:50 | Create | Villager (Male) |
| 9:08 | Create | Villager (Male) |
| 9:09 | Create | Villager (Male) |
| 9:09 | Create | Villager (Male) |
| 9:50 | Create | Villager (Male) |
| 9:50 | Create | Villager (Male) |
| 9:51 | Create | Villager (Male) |
| 12:05 | Build | Dock |
| 12:46 | Research | Feudal Age |
| 12:51 | Build | Lumber Camp |
| 13:15 | Build | House |
| 13:17 | Build | House |
| 13:18 | Build | House |
| 13:22 | Build | House |
| 13:40 | Create | Fishing Ship |
| 13:47 | Create | Fishing Ship |
| 14:15 | Create | Fishing Ship |
| 14:28 | Build | House |
| 14:29 | Build | House |
| 14:30 | Build | House |
| 14:32 | Build | House |
| 14:39 | Create | Fishing Ship |
| 15:14 | Age | Feudal Age |
| 15:17 | Build | Mining Camp |
| 15:29 | Research | Double-Bit Axe |
| 15:31 | Research | Wheelbarrow |
| 15:49 | Research | Town Watch |
| 16:11 | Research | Tech 906 |
| 16:40 | Build | Dock |
| 16:54 | Create | Demolition Raft |
| 16:55 | Create | Villager (Male) |
| 17:05 | Build | Market |
| 17:28 | Create | Demolition Raft |
| 17:55 | Create | Demolition Raft |
| 18:03 | Create | Demolition Raft |
| 18:14 | Create | Fishing Ship |
| 18:15 | Create | Fishing Ship |
| 18:18 | Create | Fishing Ship |
| 18:18 | Create | Fishing Ship |
| 18:40 | Build | Blacksmith |
| 18:45 | Create | Fishing Ship |
| 18:46 | Create | Fishing Ship |
| 18:49 | Create | Villager (Male) |
| 18:50 | Create | Villager (Male) |
| 18:50 | Create | Villager (Male) |
| 18:50 | Create | Villager (Male) |
| 19:40 | Build | Mill |
| 19:43 | Build | Farm |
| 19:44 | Build | Farm |
| 19:45 | Build | Farm |
| 19:46 | Build | Farm |
| 19:49 | Create | Demolition Raft |
| 19:57 | Create | Fishing Ship |
| 19:57 | Create | Fishing Ship |
| 19:57 | Create | Fishing Ship |
| 20:23 | Create | Villager (Male) |
| 20:23 | Create | Villager (Male) |
| 20:23 | Create | Villager (Male) |
| 20:24 | Create | Villager (Male) |
| 20:44 | Build | Stable |
| 21:09 | Create | Villager (Male) |
| 21:09 | Create | Villager (Male) |
| 21:13 | Create | Fishing Ship |
| 21:13 | Create | Fishing Ship |
| 21:14 | Create | Fishing Ship |
| 21:14 | Create | Fishing Ship |
| 21:20 | Build | Farm |
| 21:44 | Build | Lumber Camp |
| 21:49 | Create | Villager (Male) |
| 21:50 | Create | Villager (Male) |
| 22:18 | Create | Villager (Male) |
| 22:18 | Create | Villager (Male) |
| 22:20 | Research | Horse Collar |
| 22:28 | Create | Fishing Ship |
| 22:28 | Create | Fishing Ship |
| 22:29 | Create | Fishing Ship |
| 22:29 | Create | Fishing Ship |
| 22:47 | Create | Villager (Male) |
| 22:47 | Create | Villager (Male) |
| 22:59 | Create | Villager (Male) |
| 23:15 | Build | House |
| 23:16 | Build | House |
| 23:17 | Build | House |
| 23:18 | Build | House |
| 23:21 | Build | House |
| 23:22 | Build | House |
| 23:23 | Build | House |
| 23:24 | Build | House |
| 23:25 | Build | House |
| 23:49 | Create | Fishing Ship |
| 23:50 | Create | Fishing Ship |
| 23:50 | Create | Fishing Ship |
| 23:50 | Create | Fishing Ship |
| 23:50 | Create | Fishing Ship |
| 24:27 | Research | Castle Age |
| 24:42 | Create | Fishing Ship |
| 24:43 | Create | Fishing Ship |
| 24:43 | Create | Fishing Ship |
| 24:43 | Create | Fishing Ship |
| 24:46 | Research | Stone Mining |
| 24:46 | Research | Gold Mining |
| 25:31 | Create | Fishing Ship |
| 25:38 | Research | Bloodlines |
| 26:38 | Build | Dock |
| 27:13 | Age | Castle Age |
| 27:14 | Research | Hand Cart |
| 27:18 | Research | Imperial Age |
| 27:22 | Build | Town Center |
| 27:26 | Build | Town Center |
| 27:49 | Build | Dock |
| 28:11 | Build | Mining Camp |
| 28:16 | Research | Hand Cart |
| 28:19 | Create | Villager (Male) |
| 28:41 | Research | Gillnets |
| 29:15 | Build | Stable |
| 29:27 | Create | Battle Elephant |
| 29:31 | Research | Husbandry |
| 30:28 | Age | Imperial Age |
| 30:29 | Create | Villager (Male) |
| 30:29 | Create | Villager (Male) |
| 30:29 | Create | Villager (Male) |
| 30:30 | Create | Villager (Male) |
Build order — Casco7777628
First 150 of 286 actions detected
| 0:12 | Build | House |
| 1:33 | Build | Dock |
| 2:20 | Build | Town Center |
| 4:30 | Create | Villager (Male) |
| 4:30 | Create | Villager (Male) |
| 4:30 | Create | Villager (Male) |
| 4:31 | Create | Villager (Male) |
| 5:02 | Create | Villager (Male) |
| 5:02 | Create | Villager (Male) |
| 5:31 | Create | Villager (Male) |
| 5:50 | Create | Villager (Male) |
| 5:50 | Create | Villager (Male) |
| 6:32 | Create | Villager (Male) |
| 6:33 | Create | Villager (Male) |
| 6:33 | Create | Villager (Male) |
| 6:38 | Build | House |
| 7:15 | Build | House |
| 7:19 | Create | Villager (Male) |
| 7:20 | Create | Villager (Male) |
| 8:35 | Create | Villager (Male) |
| 8:36 | Create | Villager (Male) |
| 8:36 | Create | Villager (Male) |
| 8:44 | Create | Fishing Ship |
| 8:44 | Create | Fishing Ship |
| 8:58 | Create | Villager (Male) |
| 9:17 | Create | Villager (Male) |
| 10:11 | Create | Villager (Male) |
| 10:12 | Create | Villager (Male) |
| 10:15 | Create | Villager (Male) |
| 10:16 | Create | Villager (Male) |
| 10:32 | Create | Fishing Ship |
| 10:33 | Create | Fishing Ship |
| 10:39 | Build | House |
| 10:41 | Build | House |
| 10:57 | Research | Loom |
| 11:03 | Create | Villager (Male) |
| 11:03 | Create | Villager (Male) |
| 11:10 | Build | Mill |
| 11:53 | Build | Mining Camp |
| 11:57 | Create | Villager (Male) |
| 13:18 | Build | Lumber Camp |
| 13:59 | Research | Feudal Age |
| 15:27 | Create | Fishing Ship |
| 15:28 | Create | Fishing Ship |
| 15:29 | Create | Fishing Ship |
| 15:39 | Build | House |
| 15:40 | Build | House |
| 15:57 | Build | Mill |
| 16:03 | Create | Villager (Male) |
| 16:03 | Create | Villager (Male) |
| 16:11 | Research | Double-Bit Axe |
| 16:25 | Build | Blacksmith |
| 16:34 | Build | Market |
| 16:36 | Create | Villager (Male) |
| 16:47 | Build | Mill |
| 16:56 | Research | Tech 906 |
| 17:21 | Create | Villager (Male) |
| 19:32 | Research | Castle Age |
| 20:02 | Research | Forging |
| 20:30 | Build | Dock |
| 20:57 | Build | Farm |
| 20:58 | Build | Farm |
| 20:58 | Build | Farm |
| 20:58 | Build | Farm |
| 21:00 | Build | Farm |
| 21:00 | Build | Farm |
| 21:01 | Build | Farm |
| 21:09 | Build | Farm |
| 21:12 | Research | Horse Collar |
| 21:46 | Research | Fletching |
| 21:47 | Research | Scale Mail Armor |
| 21:56 | Create | Fishing Ship |
| 21:56 | Create | Fishing Ship |
| 22:16 | Research | Gillnets |
| 22:19 | Create | Villager (Male) |
| 22:19 | Create | Villager (Male) |
| 23:08 | Create | Villager (Male) |
| 23:09 | Create | Villager (Male) |
| 23:18 | Create | Fishing Ship |
| 23:19 | Create | Fishing Ship |
| 23:38 | Build | Mining Camp |
| 23:40 | Create | Villager (Male) |
| 23:41 | Create | Villager (Male) |
| 24:05 | Build | Town Center |
| 24:13 | Create | Villager (Male) |
| 24:26 | Create | Villager (Male) |
| 24:38 | Create | Longboat |
| 24:38 | Create | Longboat |
| 25:00 | Create | Villager (Male) |
| 25:09 | Research | Bow Saw |
| 25:11 | Create | Villager (Male) |
| 25:21 | Build | House |
| 25:24 | Build | House |
| 25:26 | Build | House |
| 25:29 | Build | House |
| 25:30 | Build | House |
| 25:37 | Create | Villager (Male) |
| 25:41 | Create | Villager (Male) |
| 25:41 | Create | Villager (Male) |
| 25:42 | Create | Villager (Male) |
| 25:49 | Research | Stone Mining |
| 25:54 | Research | Gold Mining |
| 26:05 | Create | Villager (Male) |
| 26:18 | Create | Villager (Male) |
| 26:21 | Create | Villager (Male) |
| 26:30 | Build | House |
| 26:32 | Build | House |
| 26:33 | Build | House |
| 26:47 | Build | University |
| 26:51 | Create | Villager (Male) |
| 26:54 | Create | Villager (Male) |
| 26:54 | Create | Villager (Male) |
| 27:08 | Research | Heavy Plow |
| 27:10 | Create | Villager (Male) |
| 27:12 | Build | Farm |
| 27:12 | Build | Farm |
| 27:13 | Build | Farm |
| 27:13 | Build | Farm |
| 27:13 | Build | Farm |
| 27:13 | Build | Farm |
| 27:41 | Create | Villager (Male) |
| 27:45 | Build | Farm |
| 27:46 | Build | Farm |
| 27:46 | Build | Farm |
| 27:46 | Build | Farm |
| 27:46 | Build | Farm |
| 27:51 | Create | Villager (Male) |
| 27:52 | Create | Villager (Male) |
| 27:59 | Build | Lumber Camp |
| 28:13 | Create | Villager (Male) |
| 28:17 | Research | Chain Mail Armor |
| 28:17 | Research | Iron Casting |
| 28:25 | Build | House |
| 28:27 | Build | House |
| 28:33 | Create | Villager (Male) |
| 28:33 | Create | Villager (Male) |
| 28:56 | Build | Town Center |
| 29:02 | Create | Villager (Male) |
| 29:12 | Research | Treadmill Crane |
| 29:14 | Research | Murder Holes |
| 29:17 | Create | Villager (Male) |
| 29:20 | Create | Villager (Male) |
| 29:33 | Research | Gold Shaft Mining |
| 29:43 | Create | Fishing Ship |
| 29:43 | Create | Fishing Ship |
| 29:52 | Create | Villager (Male) |
| 30:05 | Create | Villager (Male) |
| 30:07 | Build | Farm |
| 30:07 | Build | Farm |
| 30:08 | Build | Farm |
Match timeline
| 1:16 | 我不会玩4+2 · first_building Dock |
| 1:33 | Casco7777628 · first_building Dock |
| 8:42 | 帮主 · first_building Dock |
| 9:13 | zdjd? · wall_segment Palisade Wall x1 |
| 9:16 | zdjd? · wall_segment Palisade Wall x1 |
| 9:18 | zdjd? · wall_segment Palisade Wall x1 |
| 9:51 | zdjd? · first_building Dock |
| 11:49 | zdjd? · wall_segment Palisade Wall x4 |
| 12:05 | success0111 · first_building Dock |
| 13:51 | 我不会玩4+2 · age_up feudal |
| 14:14 | 老朱 · first_building Barracks |
| 14:48 | 老朱 · age_up feudal |
| 14:51 | zdjd? · wall_segment Palisade Wall x9 |
| 15:14 | success0111 · age_up feudal |
| 15:23 | zdjd? · age_up feudal |
| 15:28 | 老朱 · first_building Stable |
| 16:00 | A P · age_up feudal |
| 16:27 | 帮主 · age_up feudal |
| 16:51 | 帮主 · first_building Barracks |
| 17:18 | T man · age_up feudal |
| 17:26 | T man · wall_segment Stone Wall x5 |
| 17:33 | T man · wall_segment Stone Wall x10 |
| 17:34 | 帮主 · first_building Stable |
| 17:40 | T man · wall_segment Stone Wall x7 |
| 17:54 | T man · wall_segment Stone Wall x7 |
| 18:00 | T man · wall_segment Stone Wall x6 |
| 18:10 | T man · wall_segment Stone Wall x12 |
| 19:18 | 我不会玩4+2 · first_building Barracks |
| 19:34 | 帮主 · wall_segment Stone Wall x3 |
| 19:50 | T man · first_building Barracks |
| 19:50 | 帮主 · wall_segment Stone Wall x20 |
| 20:15 | 我不会玩4+2 · first_building Stable |
| 20:27 | zdjd? · wall_segment Palisade Wall x6 |
| 20:41 | 老朱 · first_building Archery Range |
| 20:44 | success0111 · first_building Stable |
| 21:07 | 帮主 · age_up castle |
| 21:23 | A P · first_building Barracks |
| 21:25 | 老朱 · age_up castle |
| 21:26 | zdjd? · age_up castle |
| 22:27 | zdjd? · wall_segment Palisade Wall x11 |
| 22:34 | zdjd? · wall_segment Palisade Wall x6 |
| 22:47 | 我不会玩4+2 · age_up castle |
| 23:01 | T man · first_building Archery Range |
| 23:18 | T man · wall_segment Stone Wall x8 |
| 23:58 | zdjd? · wall_segment Palisade Wall x7 |
| 24:23 | success0111 · first_market_buy 100 food |
| 24:50 | zdjd? · first_building Barracks |
| 25:11 | 帮主 · first_building Monastery |
| 25:37 | A P · age_up castle |
| 26:11 | zdjd? · first_market_buy 100 wood |
| 26:40 | zdjd? · wall_segment Palisade Wall x19 |
| 26:52 | 老朱 · first_building Castle |
| 27:13 | success0111 · age_up castle |
| 27:31 | A P · first_building Castle |
| 27:57 | T man · age_up castle |
| 29:33 | T man · first_building Monastery |
| 29:55 | success0111 · first_market_sell 100 wood |
| 29:57 | 我不会玩4+2 · first_building Monastery |
| 30:14 | zdjd? · first_building Castle |
| 30:28 | success0111 · age_up imperial |
| 30:43 | Casco7777628 · first_building Barracks |
| 30:58 | 帮主 · first_building Castle |
| 31:03 | success0111 · first_building Castle |
| 31:57 | T man · first_building Stable |
| 33:01 | T man · first_building Siege Workshop |
| 33:28 | 我不会玩4+2 · age_up imperial |
| 34:16 | A P · first_building Stable |
| 34:53 | A P · age_up imperial |
| 35:11 | Casco7777628 · first_building Monastery |
| 36:11 | T man · first_market_buy 100 food |
| 36:30 | Casco7777628 · first_building Castle |
| 36:45 | 帮主 · age_up imperial |
| 37:09 | 帮主 · first_building Archery Range |
| 38:20 | T man · age_up imperial |
| 39:03 | zdjd? · first_building Monastery |
| 40:23 | T man · first_building Castle |
| 41:25 | zdjd? · age_up imperial |
| 46:12 | Casco7777628 · resign |
[ AI ANALYSIS · 1 CREDIT ]
What really happened in this match?
Wolo.gg analyzes every decision: build order, eco, micro, common mistakes by bracket. Personalized analysis on WhatsApp or Discord in 30 seconds.
Civ guide
Slavs
Map guide
Nomad
Perfil
A P